 Dungeon Crawl Stone Soup version 0.30-a0-368-g86fb4627a9 (webtiles) character file.

Game seed: 547515189766885454

2746 oldriver the Thaumaturge (level 9, -2/68 HPs)
             Began as a Mummy Necromancer on Nov 19, 2022.
             Was a Follower of Hepliaklqana.
             Slain by an orc warrior
             ... wielding a +0 trident
              (6 damage)
             ... on level 8 of the Dungeon.
             The game lasted 00:10:32 (7854 turns).

oldriver the Thaumaturge (Mummy Necromancer)        Turns: 7854, Time: 00:10:32

Health: -2/68      AC:  4    Str: 15    XL:     9   Next: 41%
Magic:  2/24       EV: 12    Int: 18    God:    Hepliaklqana [*.....]
Gold:   167        SH:  5    Dex: 12    Spells: 18/30 levels left

rFire   . . .      SeeInvis .    l - +1 dagger (flame)
rCold   + . .      Faith    +    (no shield)
rNeg    + + +      Spirit   .    o - +1 robe
rPois   ∞          Reflect  +    (no helmet)
rElec   .          Harm     .    h - scarf {repulsion}
rCorr   .          Rampage  .    a - +0 pair of gloves {Str+3}
Will    +....                    (no boots)
Stlth   ++........               f - amulet of reflection
HPRegen 0.31/turn                k - ring of protection from fire
MPRegen 0.19/turn                (no ring)

@: repel missiles
A: reduced essence, cold resistance 1, negative energy resistance 3, torment
resistance 2, heat vulnerability 1, in touch with death 1, no potions, faith
a: Renounce Religion, Recall Ancestor, Ancestor Identity


You were on level 8 of the Dungeon.
You worshipped Hepliaklqana.
Hepliaklqana was aware of your devotion.
You visited 2 branches of the dungeon, and saw 9 of its levels.

You collected 369 gold pieces.
You spent 202 gold pieces at shops.

Inventory:

Hand Weapons
 l - a +1 dagger of flaming (weapon)
Missiles
 c - a throwing net
Armour
 a - a +0 pair of gloves of strength (worn)
 h - a scarf of repulsion (worn)
 o - a +1 robe (worn)
 q - a +1 leather armour of cold resistance
Jewellery
 f - an amulet of reflection (around neck)
 k - a ring of protection from fire (left hand)
Wands
 n - a wand of flame (15)
 p - a wand of polymorph (8)
Scrolls
 b - 4 scrolls of identify
 d - a scroll of poison
 g - 2 scrolls of noise
 i - a scroll of magic mapping
 j - 2 scrolls of brand weapon
 m - a scroll of vulnerability
 r - 2 scrolls of immolation


   Skills:
 + Level 9.0 Fighting
 - Level 1.5 Dodging
 - Level 1.5 Stealth
 * Level 11.2 Spellcasting
 - Level 4.0 Necromancy
 + Level 1.1 Fire Magic


You had 18 spell levels left.
You knew the following spells:

 Your Spells              Type           Power      Damage    Failure   Level
a - Necrotise             Necr           100%       1d9       1%          1
b - Vampiric Draining     Necr           36%        2d8       4%          3
c - Animate Dead          Necr           36%        N/A       14%         4
d - Sticky Flame          Conj/Fire      12%        2d4       50%         4

Your spell library contained the following spells:

 Spells                   Type           Power      Damage    Failure   Level
 Ensorcelled Hibernation  Hex/Ice        20%        N/A       11%         2
 Ignite Poison            Fire/Tmut/Pois 11%        N/A       19%         3
 Anguish                  Hex/Necr       12%        N/A       30%         4
 Agony                    Necr           36%        N/A       36%         5
 Ignition                 Fire           7%         3d4       100%        8
 Spider Form              Tmut/Pois      Unusable   N/A       N/A         3

Dungeon Overview and Level Annotations

Branches:
Dungeon (8/15)             Temple (1/1) D:5
   Lair: D:8-11

Altars:
Ashenzari
Fedhas
Hepliaklqana
Kikubaaqudgha
Nemelex Xobeh
Okawaru
Qazlal
Ru
Sif Muna
Trog
Uskayaw
Vehumet
Wu Jian

Shops:
D:1 (   D:4 [

Annotations:
D:3 1 runed translucent door, Crazy Yiuf


Innate Abilities, Weirdness & Mutations

Your life essence is reduced to manifest your ancestor. (-10% HP)
You are immune to poison.
Your flesh is cold resistant. (rC+)
You are immune to negative energy. (rN+++)
You are immune to unholy pain and torment.
You are vulnerable to heat. (rF-)
You are in touch with the powers of death.
You do not drink.
You have a special connection with the divine. (Faith)


Message History

Unknown command.
Okay, then.
Blink to where?
Press: ? - help, Dir - move target, p - killer bee
As you read the scroll of blinking, it crumbles to dust.
The killer bee barely misses you.
You slide downwards.
The hatch slams shut behind you.
The orc wizard shouts!
The orc shouts!
The orc warrior shouts!
Found 2 scrolls of noise.
There are monsters nearby!
A wyvern comes into view.
Found a stone staircase leading down.
An orc wizard comes into view. It is wielding a +0 dagger.
Found 17 gold pieces.
The wyvern barely misses you.
The wyvern bites you but does no damage.
The wyvern attacks as you move away! The wyvern barely misses you. x2
You barely miss the orc. The wyvern closely misses you.
The orc hits you but does no damage.
You hit the wyvern but do no damage.
The wyvern bites you but does no damage.
You block the wyvern's attack.
You barely miss the wyvern. The wyvern bites you!
* * * LOW HITPOINT WARNING * * *
A jelly comes into view.
The orc warrior hits you from afar with a +0 trident!
* * * LOW HITPOINT WARNING * * *
Unknown command.
Okay, then.
Casting: Vampiric Draining (dangerous; 4% risk of failure)
Confirm with . or Enter, or press ? or * to list all spells.
Aiming: Necrotise (safe; 1% risk of failure)
Press: ? - help, Shift-Dir - straight line, f - orc wizard
Aim: an orc wizard, wielding a +0 dagger and wearing a +0 robe (chance to affect: 83%)
You feel a surge of power!
The orc wizard writhes in agony.
The wyvern closely misses you.
The orc wizard hits you with a +0 dagger.
* * * LOW HITPOINT WARNING * * *
The wyvern barely misses you.
The orc warrior hits you from afar with a +0 trident.
You die...

### #@#######
#lo.....##
.#ooo.....#
......o.....#
.............#
.............##
##...##....J.#
#... #?......#
$.>..........+


You could see an orc warrior, a wyvern, a jelly, 2 orc wizards and 2 orcs.

Vanquished Creatures
  Sigmund (D:5)
  Duvessa (D:5)
  A water moccasin (D:5)
  2 black bears
  A centaur (D:6)
  4 ogres
  A phantom (D:7)
  Blork the orc (D:5)
  2 bullfrogs
  A gnoll sergeant (D:7)
  A necrophage (D:6)
  2 scorpions
  Dowan (D:5)
  2 killer bees (D:7)
  2 howler monkeys (D:6)
  2 orc priests (D:7)
  3 hounds
  A jelly (D:7)
  Ijyb (D:5)
  3 iguanas
  11 gnolls
  7 adders
  An ufetubus (D:6)
  3 worms (D:2)
  2 dart slugs
  6 orcs
  6 ball pythons
  5 bats
  9 endoplasms
  3 giant cockroaches
  5 goblins
  8 hobgoblins
  5 jackals
  2 quokkas
  2 frilled lizards
  7 kobolds
  7 rats
122 creatures vanquished.

Vanquished Creatures (collateral kills)
  Grinder (D:5)
  An orc warrior (D:7)
  An ogre (D:7)
  An orc priest (D:7)
  2 hounds (D:7)
  A jelly (D:5)
  A gnoll bouda (D:7)
  An orc wizard (D:7)
  An adder (D:2)
  A jackal (D:7)
11 creatures vanquished.

Vanquished Creatures (others)
  An ancestor (D:7)
  20 fungi (D:6)
21 creatures vanquished.

Grand Total: 154 creatures vanquished

Notes
Turn   | Place    | Note
-------+----------+-------------------------------------------
     0 | D:1      | oldriver the Mummy Necromancer began the quest for the Orb.
     0 | D:1      | Reached XP level 1. HP: 13/13 MP: 4/4
   156 | D:1      | Found Vocice's Weapon Shoppe.
   166 | D:1      | Found a faded altar of an unknown god.
   251 | D:1      | Reached skill level 3 in Spellcasting
   271 | D:1      | Reached skill level 1 in Fighting
   339 | D:1      | Reached XP level 2. HP: 18/21 MP: 0/6
   989 | D:1      | Gained mutation: You are in touch with the powers of death.
                  | [Mummy growth]
   989 | D:1      | Reached XP level 3. HP: 27/27 MP: 5/8
  1531 | D:2      | Reached skill level 4 in Spellcasting
  1947 | D:2      | Reached XP level 4. HP: 27/34 MP: 3/10
  2496 | D:2      | You fall into a shaft and drop 2 floors!
  2519 | D:4      | Found Plog's Antique Armour Emporium.
  2588 | D:4      | Found a sacrificial altar of Ru.
  2589 | D:4      | Found a hide-covered altar of Uskayaw.
  2984 | D:2      | Reached XP level 5. HP: 41/41 MP: 3/12
  3251 | D:3      | Found a runed translucent door.
  3252 | D:3      | Noticed Crazy Yiuf
  3295 | D:3      | Reached skill level 5 in Spellcasting
  4268 | D:5      | Entered Level 5 of the Dungeon
  4270 | D:5      | Noticed an ogre
  4329 | D:5      | Found a staircase to the Ecumenical Temple.
  4336 | D:5      | Noticed Sigmund
  4360 | D:5      | Killed Sigmund
  4361 | D:5      | Reached skill level 6 in Spellcasting
  4361 | D:5      | Reached XP level 6. HP: 18/49 MP: 11/15
  4504 | D:5      | Learned a level 3 spell: Vampiric Draining
  4509 | D:5      | Learned a level 4 spell: Animate Dead
  4533 | D:5      | Noticed a water moccasin
  4546 | D:5      | Killed a water moccasin
  4547 | D:5      | Reached skill level 5 in Fighting
  4547 | D:5      | Reached XP level 7. HP: 56/56 MP: 6/17
  4549 | Temple   | Entered the Ecumenical Temple
  4670 | Temple   | Became a worshipper of Hepliaklqana the Forgotten
  4722 | D:5      | Reached skill level 7 in Spellcasting
  4801 | D:5      | Noticed Blork the orc
  4811 | D:5      | Killed Blork the orc
  4957 | D:5      | Noticed Grinder
  4971 | D:5      | Paralysed by Grinder for 4 turns
  4992 | D:5      | Paralysed by Grinder for 4 turns
  5184 | D:4      | Bought a pair of embroidered gloves for 202 gold pieces
  5297 | D:5      | Reached skill level 8 in Spellcasting
  5608 | D:5      | Noticed Ijyb
  5615 | D:5      | Killed Ijyb
  5783 | D:6      | Noticed Duvessa
  5783 | D:6      | Noticed Dowan
  5791 | D:5      | Killed Duvessa
  5792 | D:5      | Reached XP level 8. HP: 65/65 MP: 3/20
  5814 | D:5      | Killed Dowan
  6042 | D:6      | Reached skill level 9 in Spellcasting
  6726 | D:6      | Found an iron altar of Okawaru.
  6949 | D:6      | Reached * piety under Hepliaklqana
  7314 | D:5      | Paralysed by Grinder for 3 turns
  7333 | D:5      | Killed Grinder
  7334 | D:5      | Reached skill level 10 in Spellcasting
  7432 | D:7      | Reached XP level 9. HP: 59/66 MP: 14/23
  7738 | D:7      | Learned a level 4 spell: Sticky Flame
  7800 | D:7      | Reached skill level 11 in Spellcasting
  7819 | D:7      | Noticed a cyclops
  7832 | D:7      | Reached skill level 1 in Fire Magic
  7854 | D:8      | Slain by an orc warrior

Illustrated notes

Levels and vault maps discovered:
D:1:      dpeg_chamrin_arrival_tetris, layout_loops_ring,
          ebering_ecumenical_altar_box, serial_shops, shop,
          minmay_misc_feat_tiny
D:2:      layout_loops_corners, minmay_3d_cube
D:3:      layout_loops_ring, minmay_misc_feat_more_columns,
          uniq_crazy_yiuf_cottage
D:4:      layout_loops_ring, chequers_temple_overflow_statue_of_worship,
          serial_shops, shop
D:5:      layout_loops_ring, minmay_temple_entry_sparse_star, uniq_sigmund,
          uniq_grinder, uniq_ijyb, uniq_blork_the_orc
D:6:      kennysheep_steamy, layout_loops_ring, okawaru_altar_gauntlet_db,
          kennysheep_cross_room, uniq_duvessa
D:7:      layout_cave_pools, serial_gnoll_camp, gnoll_camp_medium_01,
          gnoll_camp_mini_doghouse, gnoll_camp_mini_shop, gnoll_camp_medium_02,
          minivault_14, minmay_manual_mandibuliform
D:8:      layout_gridville, minmay_shop_chei
Temple:   nicolae_temple_x_marks_the_god

Skill      XL: |  1  2  3  4  5  6  7  8  9 |
---------------+----------------------------+-----
Spellcasting   | 3 4 6 8 10 11 | 11.2
Fighting       | 1 2 3 4 5 6 8 9 |  9.0
Fire Magic     | 1 |  1.1
Dodging        | |  1.5
Stealth        | |  1.5
Necromancy     | |  4.0

Action                   |  1- 3 |  4- 6 |  7- 9 || total
-------------------------+-------+-------+-------++-------
Melee: Unarmed           |    26 |     2 |       ||    28
       Dagger            |       |     6 |    73 ||    79
       Punch             |       |       |     2 ||     2
 Cast: Necrotise         |    90 |    80 |   128 ||   298
       Vampiric Draining |       |     2 |    34 ||    36
Invok: Recall Ancestor   |       |       |     1 ||     1
  Use: Scroll            |       |     4 |     9 ||    13
 Stab: Sleeping          |     1 |       |       ||     1
       Distracted        |       |       |     1 ||     1
Armor: Robe              |     8 |     5 |    34 ||    47
Dodge: Dodged            |    45 |    26 |   119 ||   190
       Repelled          |       |     5 |     4 ||     9
Block: Other             |     3 |    16 |    38 ||    57
       Reflection        |       |     1 |     4 ||     5

Table legend: (Time is in decaauts)
 A = Elapsed time spent in this place.
 B = Non-inter-level travel time spent in this place.
 C = Inter-level travel time spent in this place.
 D = Time resting spent in this place.
 E = Time spent auto-exploring this place.
 F = Levels seen in this place.
 G = Mean time per level.
                   A        B        C        D        E       F      G
               +--------+--------+--------+--------+--------+-----+--------+
         Total |   7857 |   7548 |    309 |    661 |   5577 |   9 |  873.0 |
       Dungeon |   7731 |   7422 |    309 |    661 |   5465 |   8 |  966.4 |
        Temple |    125 |    125 |      0 |      0 |    112 |   1 |  125.0 |
               +--------+--------+--------+--------+--------+-----+--------+

Top non-repeatable levels by time:
     D:2: 1623 daAuts
     D:5: 1398 daAuts
     D:6: 1356 daAuts
     D:1: 1272 daAuts
     D:4: 950 daAuts
     D:3: 662 daAuts
     D:7: 458 daAuts
  Temple: 125 daAuts
     D:8: 9 daAuts
